 Dungeon Crawl Stone Soup version 0.20.1-1-g8b1a95d (webtiles) character file.

56842 Gitz the Severer (level 14, -18/116 HPs)
             Began as a Minotaur Fighter on July 19, 2017.
             Was the Champion of Okawaru.
             Demolished by a tengu reaver
             ... wielding a +5 bardiche of flaming
              (19 damage)
             ... on level 2 of the Depths on July 30, 2017.
             The game lasted 00:51:10 (14229 turns).

Gitz the Severer (Minotaur Fighter)                Turns: 14229, Time: 00:51:11

Health: -18/116    AC: 20    Str: 29    XL:     14   Next: 43%
Magic:  22/22      EV: 11    Int:  5    God:    Okawaru [******]
Gold:   933        SH: 15    Dex:  9    Spells: 13/13 levels left

rFire    + . .     SeeInvis .   t - +5 broad axe "Zemiwept" {freeze, rPois MP+9 Stlth-}
rCold    + . .     Gourm    .   c - +1 shield
rNeg     . . .     Faith    .   r - +1 chain mail of Henotheism {Regen+ Int-2 Stlth+}
rPois    +         Spirit   .   (helmet restricted)
rElec    .         Reflect  .   b - +0 cloak of the Saviour {+Inv rC+}
rCorr    .         Harm     .   G - +2 pair of gloves
MR       +....                  Q - +0 pair of boots {run}
Stlth    ..........             x - amulet of magic regeneration
Regen    1.1/turn               q - +5 ring of slaying
MPRegen  0.3/turn               M - ring of protection from fire

@: about to teleport, marked, very slightly contaminated, slowed, drained, very
slow
A: retaliatory headbutt, horns 2, clever 1, frail 1, regeneration 1, strong 1
a: Heroism, Finesse, Renounce Religion, Evoke Invisibility


You were on level 2 of the Depths.
You worshipped Okawaru.
Okawaru was exalted by your worship.
You were not hungry.

You visited 3 branches of the dungeon, and saw 18 of its levels.
You visited 1 bazaar.
You also visited: Ossuary and Bailey.

You collected 1308 gold pieces.
You spent 375 gold pieces at shops.

Inventory:

Hand Weapons
 g - a +4 flail
 p - the +3 war axe "Iqar" {chop, rF++}
   (Okawaru gifted it to you on level 14 of the Dungeon)

   It inflicts extra damage upon your enemies.
   It greatly protects you from fire.
 t - the +5 broad axe "Zemiwept" (weapon) {freeze, rPois MP+9 Stlth-}
   (Okawaru gifted it to you on level 15 of the Dungeon)

   It has been specially enchanted to freeze those struck by it, causing extra
   injury to most foes and up to half again as much damage against particularly
   susceptible opponents.
   It can also slow down cold-blooded creatures.
   It protects you from poison.
   It affects your magic capacity (+9).
   It makes you less stealthy.
 B - a +2 hand axe of electrocution
Armour
 b - the +0 cloak of the Saviour (worn) {+Inv rC+}
   (You found it on level 6 of the Dungeon)

   It protects you from cold.
   It lets you turn invisible.
 c - a +1 shield (worn)
 r - the +1 chain mail of Henotheism (worn) {Regen+ Int-2 Stlth+}
   (You bought it in a shop in a bazaar)

   It affects your intelligence (-2).
   It increases your rate of regeneration.
   It makes you more stealthy.
 y - a +0 plate armour
 G - a +2 pair of gloves (worn)
 Q - a +0 pair of boots of running (worn)
Jewellery
 q - a +5 ring of slaying (left hand)
 x - an amulet of magic regeneration (around neck)
 C - an uncursed ring of resist corrosion
 M - a ring of protection from fire (right hand)
Wands
 J - a wand of iceblast (6/15)
 K - a wand of digging (5/24)
Scrolls
 a - 3 scrolls of magic mapping
 i - 5 scrolls of remove curse
 k - 6 scrolls of recharging
 m - 9 scrolls of teleportation
 n - 6 scrolls of identify
 v - 4 scrolls of enchant weapon
 E - a scroll of fear
 O - a scroll of amnesia
 P - 3 scrolls of enchant armour
 W - a scroll of silence
 X - 2 scrolls of summoning
Potions
 d - a potion of might
 e - 2 potions of berserk rage
 l - 4 potions of lignification
 w - 3 potions of brilliance
 z - 3 potions of magic
 F - a potion of heal wounds
 H - a potion of haste
 I - 3 potions of flight
 L - 2 potions of agility
 N - a potion of cancellation
 U - 2 potions of curing
Books
 D - a book of Cantrips

   Spells                             Type                      Level
   a - Confusing Touch                Hexes                        1
   b - Animate Skeleton               Necromancy                   1
   c - Summon Small Mammal            Summoning                    1
   d - Apportation                    Translocation                1
Miscellaneous
 j - a box of beasts
 T - a fan of gales
Comestibles
 f - 12 bread rations
 h - 8 meat rations
 o - 9 fruits
 s - 18 royal jellies
 A - a chunk of flesh


   Skills:
 + Level 13.5(12.9) Fighting
 + Level 17.0(16.4) Axes
 + Level 13.1(12.5) Armour
 + Level 4.7(4.2) Dodging
 + Level 15.4(14.7) Shields


You had 13 spell levels left.
You didn't know any spells.

Dungeon Overview and Level Annotations

Branches:
Dungeon (15/15)            Temple (1/1) D:7            Lair (0/6) D:11
    Orc (0/2) D:12         Vaults (0/5) D:13         Depths (2/5) D:15

Altars:
Ashenzari
Cheibriados
Dithmenos
Elyvilon
Fedhas
Gozag
Hepliaklqana
Kikubaaqudgha
Makhleb
Nemelex Xobeh
Okawaru
Qazlal
Ru
Sif Muna
Trog
Uskayaw
Vehumet
Xom
Yredelemnul
Zin
The Shining One

Shops:
D:4 [   D:10 !

Portals:
Trove: D:14 (give 18 potions of curing)

Annotations:
D:6 Blork the orc
Depths:1 Agnes, Sojobo
Depths:2 1 runed door


Innate Abilities, Weirdness & Mutations

You reflexively headbutt those who attack you in melee.
You have a pair of horns on your head.
Your mind is acute. (Int +2)
You are frail. (-10% HP)
Your natural rate of healing is unusually fast.
Your muscles are strong. (Str +2)


Message History

The ettin barely misses you.
An ogre mage comes into view. It is wielding a flail.
The ogre mage points at you and mumbles some strange words.
You feel yourself slow down.
The yaktaur hits you but does no damage.
Found six items.
A fire dragon, 5 ugly things, 3 centaurs, 4 yaktaurs, an ettin, a hell knight, a tengu reaver and a spark wasp come into view.
The tengu reaver is wielding a bardiche of flaming.
You see here a bolt.
As you read the scroll of teleportation, it crumbles to dust.
You feel strangely unstable.
The anaconda changes into a spark wasp!
The tengu reaver casts a spell.
The tengu reaver conjures a globe of magical energy!
You block the centaur's attack. You block the spark wasp's attack.
The ogre mage closely misses you. The ettin closely misses you.
You furiously retaliate!
You headbutt the ettin! You block the ettin's attack. The yaktaur hits you.
* * * LOW HITPOINT WARNING * * *
The tengu reaver hits you from afar with a bardiche of flaming!!
You die...

≈≈††≈≈.......8C8.......≈≈≈≈##≈≈..
##..##########'##################
≈≈...≈........CC.........Q
≈≈...≈≈.....D.............
≈...............g.........
.≈...##################### ..≈..#
%.Qu$uuQY.!.(.. ..≈..#
...yu*OyCc..... ...§.#
...D.cc@.p.c.cc .....#
....cuc?....... .....#
....##########^ ..ZZ(# ... .....#
. .....# .....# ...(.# .....#


You could see a fire dragon, a tengu reaver, 5 ugly things, an ettin, a spark
wasp, a spark wasp shaped shifter, a hell knight, a centaur warrior, an ogre
mage, 5 yaktaurs, a yak shaped shifter, a tengu shaped shifter, 2 centaurs and a
battlesphere.

Vanquished Creatures
  A stone giant (Depths:2)
  The ghost of gyp21 the Fighter, a journeyman MiFi of the Shining One (D:13)
  3 fire dragons
  An ogre mage (Depths:1)
  A great orb of eyes (Depths:2)
  Erolcha (D:9)
  A vault guard (D:13)
  2 centaur warriors
  2 death knights
  4 two-headed ogres
  The ghost of ReignOfFire the Carver, a novice DsGl of Makhleb (D:10)
  A hell knight (Depths:2)
  3 tengu warriors (Depths:2)
  Nergalle (D:10)
  A salamander mystic (Depths:2)
  3 skeletal warriors (D:13)
  2 unseen horrors (D:13)
  A deep troll (D:14)
  Pikel (D:4)
  2 wizards (D:13)
  2 necromancers (D:13)
  A phantasmal warrior (D:10)
  An oklob plant (D:11)
  An orc knight (Bailey)
  A deep elf mage (D:14)
  A manticore (D:13)
  8 ugly things
  The ghost of Giltor the Covert, a novice SpAs of Dithmenos (Bailey)
  3 salamanders (Depths:2)
  A cyclops (D:12)
  2 orange demons (D:11)
  A gargoyle (D:12)
  2 efreet
  3 kobold demonologists
  3 freezing wraiths
  2 red devils (D:11)
  A tengu conjurer (Depths:2)
  5 trolls
  A hornet (D:10)
  9 slime creatures
  2 hippogriffs (D:13)
  A fire giant simulacrum (Depths:2)
  The ghost of nago the Skirmisher, an amateur VSWn (D:7)
  Sigmund (D:6)
  A vampire (D:15)
  3 water elementals (Depths:2)
  24 yaks
  5 wyverns
  4 wraiths
  A hog (shapeshifter) (D:13)
  20 humans (D:13)
  4 vampire mosquitoes (D:15)
  3 hungry ghosts
  4 sky beasts
  14 orc warriors
  2 black bears
  3 ice beasts
  A slave (D:4)
  3 phantoms
  A black bear (shapeshifter) (D:14)
  An eye of draining (D:15)
  A spriggan simulacrum (Depths:2)
  11 centaurs
  3 necrophages
  5 ogres
  10 big kobolds
  15 bullfrogs
  A wyvern zombie (D:6)
  2 scorpions
  11 killer bees
  27 wights
  2 howler monkeys (D:10)
  2 bullfrog zombies
  7 crimson imps
  3 centaur zombies
  8 jellies
  5 bullfrog skeletons
  7 hounds
  6 orc priests
  17 orc wizards
  6 centaur skeletons
  6 iguanas
  Terence (D:2)
  Natasha (twice) (D:3)
  13 worker ants
  A hound skeleton (D:8)
  A worker ant zombie (D:6)
  16 adders
  4 gnolls (D:7)
  3 shadow imps
  6 oozes
  2 adder zombies (Ossuary)
  A worm (D:2)
  4 dart slugs
  6 leopard geckos
  96 orcs
  3 giant cockroaches
  4 goblins
  10 hobgoblins
  16 jackals
  30 kobolds
  5 quokkas
  A ball python (D:2)
  A ball python skeleton (Ossuary)
  8 bats
  6 frilled lizards
  A hobgoblin skeleton (Ossuary)
  A kobold zombie (Ossuary)
  2 orc skeletons (Ossuary)
  An orc zombie (Ossuary)
  A quokka skeleton (D:9)
  9 rats
591 creatures vanquished.

Vanquished Creatures (others)
  A wizard (D:12)
  A frilled lizard (D:4)
  4 toadstools (D:1)
6 creatures vanquished.

Grand Total: 597 creatures vanquished

Notes
Turn   | Place    | Note
-------+----------+-------------------------------------------
     0 | D:1      | Gitz the Minotaur Fighter began the quest for the Orb.
     0 | D:1      | Reached XP level 1. HP: 19/19 MP: 0/0
   111 | D:1      | Reached XP level 2. HP: 27/27 MP: 1/1
   745 | D:1      | Reached XP level 3. HP: 31/33 MP: 2/2
   905 | D:2      | Reached skill level 3 in Axes
   948 | D:2      | Noticed Terence
   970 | D:2      | Killed Terence
   970 | D:2      | Reached skill level 1 in Dodging
  1026 | D:2      | Reached XP level 4. HP: 12/40 MP: 3/3
  1299 | D:2      | Reached skill level 4 in Axes
  1638 | D:3      | Noticed Natasha
  1641 | D:3      | Killed Natasha
  1641 | D:3      | Reached XP level 5. HP: 46/46 MP: 4/4
  1694 | D:3      | Noticed Natasha
  1710 | D:3      | Killed Natasha
  1730 | D:3      | Noticed an orc warrior
  1740 | D:3      | Killed an orc warrior
  1740 | D:3      | Reached skill level 5 in Axes
  1740 | D:3      | Reached XP level 6. HP: 29/53 MP: 5/5
  2088 | D:4      | Noticed a slave
  2088 | D:4      | Noticed a slave
  2089 | D:4      | Noticed Pikel
  2091 | D:4      | Noticed a slave
  2093 | D:4      | Noticed a slave
  2105 | D:4      | Killed a slave
  2107 | D:4      | Killed Pikel
  2107 | D:4      | Reached skill level 5 in Fighting
  2107 | D:4      | Reached skill level 7 in Axes
  2107 | D:4      | Reached skill level 5 in Armour
  2107 | D:4      | Reached skill level 5 in Shields
  2107 | D:4      | Reached XP level 7. HP: 22/61 MP: 6/6
  2465 | D:4      | Reached XP level 8. HP: 56/69 MP: 7/7
  2562 | D:4      | Found a snail-covered altar of Cheibriados.
  2667 | D:4      | Found Imosirch's Antique Armour Emporium.
  2676 | D:4      | Bought a pair of embroidered gloves for 157 gold pieces
  2767 | D:4      | Reached skill level 8 in Axes
  3159 | D:5      | Entered Level 5 of the Dungeon
  3602 | D:5      | Found a sparkling altar of Nemelex Xobeh.
  3660 | D:6      | Reached skill level 9 in Axes
  3787 | D:6      | Reached XP level 9. HP: 73/75 MP: 8/8
  3883 | D:6      | Noticed Blork the orc
  3908 | D:6      | Got a faintly glowing cloak
  3914 | D:6      | Identified the cursed +0 cloak of the Saviour {+Inv rC+} (You found it on level 6 of the Dungeon)
  3931 | D:6      | Reached skill level 10 in Axes
  4056 | D:6      | Noticed Sigmund
  4064 | D:6      | Killed Sigmund
  4071 | D:6      | Found a hide-covered altar of Uskayaw.
  4231 | D:7      | Found a staircase to the Ecumenical Temple.
  4278 | Temple   | Entered the Ecumenical Temple
  4365 | Temple   | Became a worshipper of Warmaster Okawaru
  4428 | D:7      | Noticed nago's ghost (amateur VSWn)
  4433 | D:7      | Killed nago's ghost
  4457 | D:7      | Found an opulent altar of Gozag.
  4773 | D:7      | Found a deep blue altar of Sif Muna.
  5077 | D:8      | Reached skill level 11 in Axes
  5119 | D:8      | Reached * piety under Okawaru
  5176 | D:8      | Found a hazy altar of Hepliaklqana.
  5215 | D:8      | Found a sand-covered staircase.
  5229 | Ossuary  | Entered an ossuary
  5440 | Ossuary  | Reached XP level 10. HP: 82/86 MP: 9/9
  5848 | D:8      | Gained mutation: You can translocate small distances at will. [mutagenic meat]
  5849 | D:8      | Gained mutation: Your flesh is heat resistant. (rF+) [mutagenic meat]
  5850 | D:8      | Gained mutation: Your spells are a little easier to cast, but a little less powerful. [mutagenic meat]
  5851 | D:8      | Gained mutation: You possess an exceptional clarity of mind. [mutagenic meat]
  5852 | D:8      | Lost mutation: Your spells are a little easier to cast, but a little less powerful. [mutagenic meat]
  6143 | D:9      | Found a blossoming altar of Fedhas.
  6151 | D:9      | Reached ** piety under Okawaru
  6163 | D:9      | Reached skill level 12 in Axes
  6168 | D:9      | Noticed Erolcha
  6174 | D:9      | Killed Erolcha
  6174 | D:9      | Reached *** piety under Okawaru
  6253 | D:9      | Reached skill level 10 in Shields
  6268 | D:9      | Reached **** piety under Okawaru
  6312 | D:9      | Found a flagged portal.
  6330 | Bailey   | Entered a bailey
  6338 | Bailey   | Noticed Giltor's ghost (novice SpAs)
  6355 | Bailey   | Killed Giltor's ghost
  6355 | Bailey   | Reached skill level 13 in Axes
  6355 | Bailey   | Reached XP level 11. HP: 31/95 MP: 10/10
  7203 | Bailey   | HP: 1/95 [orc warrior/bolt (20)]
  7676 | Bailey   | Noticed an orc knight
  7692 | Bailey   | Killed an orc knight
  7875 | D:9      | Found a glowing golden altar of the Shining One.
  8275 | D:10     | Entered Level 10 of the Dungeon
  8393 | D:10     | Found Onasyky's Distillery.
  8500 | D:10     | Reached skill level 10 in Armour
  8691 | D:10     | Reached ***** piety under Okawaru
  8761 | D:10     | Noticed Nergalle
  8783 | D:10     | Lost mutation: Your flesh is heat resistant. (rF+) [potion of mutation]
  8783 | D:10     | Lost mutation: You can translocate small distances at will. [potion of mutation]
  8783 | D:10     | Gained mutation: You are clumsy. (Dex -2) [potion of mutation]
  8783 | D:10     | Lost mutation: You are clumsy. (Dex -2) [potion of mutation]
  8783 | D:10     | Gained mutation: You have a pair of large horns on your head. [potion of mutation]
  8783 | D:10     | Gained mutation: Your natural rate of healing is unusually fast. [potion of mutation]
  8825 | D:10     | Noticed ReignOfFire's ghost (novice DsGl)
  8842 | D:10     | Killed ReignOfFire's ghost
  8923 | D:10     | Noticed a death knight
  8923 | D:10     | Noticed a phantasmal warrior
  8939 | D:10     | Killed a death knight
  8939 | D:10     | Killed a phantasmal warrior
  8977 | D:10     | Killed Nergalle
  9230 | D:11     | Found a staircase to the Lair.
  9232 | D:11     | Noticed an oklob plant
  9262 | D:11     | Killed an oklob plant
  9262 | D:11     | Received a gift from Okawaru
  9262 | D:11     | Reached skill level 10 in Fighting
  9299 | D:11     | Reached skill level 14 in Axes
  9307 | D:11     | Reached XP level 12. HP: 106/106 MP: 11/11
  9590 | D:11     | Noticed a two-headed ogre
  9596 | D:11     | Killed a two-headed ogre
  9596 | D:11     | Received a gift from Okawaru
 10239 | D:12     | Found a staircase to the Orcish Mines.
 10363 | D:12     | Reached ****** piety under Okawaru
 10666 | D:12     | Found a bloodstained altar of Trog.
 10975 | D:12     | Lost mutation: You have a pair of large horns on your head. [potion of mutation]
 10975 | D:12     | Lost mutation: You possess an exceptional clarity of mind. [potion of mutation]
 10975 | D:12     | Gained mutation: Your muscles are strong. (Str +2) [potion of mutation]
 10975 | D:12     | Gained mutation: You are frail. (-10% HP) [potion of mutation]
 10975 | D:12     | Gained mutation: Your mind is acute. (Int +2) [potion of mutation]
 11146 | D:13     | Received a gift from Okawaru
 11280 | D:13     | Reached skill level 15 in Axes
 11283 | D:13     | Reached XP level 13. HP: 73/104 MP: 12/12
 11308 | D:13     | Found a gate to the Vaults.
 11535 | D:13     | Noticed gyp21's ghost (journeyman MiFi)
 11555 | D:13     | Killed gyp21's ghost
 12232 | D:14     | Found a portal to a secret trove of treasure.
 12382 | D:14     | Received a gift from Okawaru
 12400 | D:14     | Got a translucent war axe {god gift}
 12407 | D:14     | Identified the +3 war axe "Iqar" {chop, rF++} (Okawaru gifted it to you on level 14 of the Dungeon)
 12621 | D:14     | Found a gateway to a bazaar.
 12628 | Bazaar   | Entered a bazaar
 12628 | Bazaar   | Found Madghemm's Assorted Antiques.
 12628 | Bazaar   | Found Safuggeg's Gadget Emporium.
 12632 | Bazaar   | Found Cinoumull's Food Shoppe.
 12651 | Bazaar   | Found Ythenad's Weapon Emporium.
 12674 | Bazaar   | Bought a brightly glowing chain mail for 218 gold pieces
 12706 | Bazaar   | Identified the +1 chain mail of Henotheism {Regen+ Int-2 Stlth+} (You bought it in a shop in a bazaar)
 12943 | D:15     | Entered Level 15 of the Dungeon
 13001 | D:15     | Received a gift from Okawaru
 13007 | D:15     | Got a twisted broad axe {god gift}
 13021 | D:15     | Identified the +5 broad axe "Zemiwept" {freeze, rPois MP+9 Stlth-} (Okawaru gifted it to you on level 15 of the Dungeon)
 13207 | D:15     | Reached skill level 16 in Axes
 13295 | D:15     | Noticed a fire dragon
 13296 | D:15     | Noticed a fire dragon
 13302 | D:15     | Killed a fire dragon
 13305 | D:15     | Killed a fire dragon
 13311 | D:15     | Found a staircase to the Depths.
 13518 | D:15     | Received a gift from Okawaru
 13531 | D:15     | Identified a +0 pair of boots of running (Okawaru gifted it to you on level 15 of the Dungeon)
 13601 | D:15     | Reached XP level 14. HP: 116/116 MP: 13/13
 13710 | Depths:1 | Entered Level 1 of the Depths
 13738 | Depths:1 | Noticed Agnes
 13741 | Depths:1 | Noticed a tengu reaver
 13743 | Depths:1 | Noticed Sojobo
 13745 | Depths:1 | Noticed a vampire knight
 13862 | Depths:2 | Reached skill level 15 in Shields
 13966 | Depths:2 | Found a runed door.
 13966 | Depths:2 | Noticed a stone giant
 13977 | Depths:2 | Killed a stone giant
 14165 | Depths:2 | Reached skill level 17 in Axes
 14186 | Depths:2 | Noticed a juggernaut
 14211 | Depths:2 | HP: 2/116 [juggernaut (illusionary) (20)]
 14229 | Depths:2 | Noticed a tengu reaver
 14229 | Depths:2 | HP: 1/116 [yaktaur (6)]
 14229 | Depths:2 | Demolished by a tengu reaver

Skill      XL: |  1  2  3  4  5  6  7  8  9 10 11 12 13 14 |
---------------+-------------------------------------------+-----
Shields        | 4 5 7 8 10 12 13 14 15 | 15.4
Fighting       | 4 5 6 7 8 10 11 13 | 13.5
Axes           | 3 4 5 7 9 11 13 14 15 16 17 | 17.0
Armour         | 4 5 6 7 8 9 10 11 12 13 | 13.1
Dodging        | 1 2 3 4 |  4.7

Action                   |  1- 3 |  4- 6 |  7- 9 | 10-12 | 13-15 || total
-------------------------+-------+-------+-------+-------+-------++-------
Melee: War axe           |   100 |   137 |    94 |       |    82 ||   413
       Headbutt          |    12 |    19 |    61 |   131 |   100 ||   323
       Hand axe          |       |       |   262 |   749 |   150 ||  1161
       Broad axe         |       |       |       |       |   149 ||   149
  Use: Scroll            |       |       |    11 |    17 |     8 ||    36
       Potion            |       |       |       |    11 |     2 ||    13
  Eat: Chunk             |     1 |     3 |    11 |    24 |    10 ||    49
       Fruit             |       |       |       |     2 |       ||     2
Armor: Scale mail        |    43 |    39 |       |       |       ||    82
       Plate armour      |       |    27 |   138 |   214 |    67 ||   446
       Chain mail        |       |       |       |       |    60 ||    60
Dodge: Dodged            |    27 |    34 |    51 |    96 |    85 ||   293
Block: Shield            |    49 |    77 |   128 |   343 |   226 ||   823
